 Dungeon Crawl Stone Soup version 0.29-a0-96-g93358da72b (webtiles) character file.

Game seed: 12825932097879185813

42 cyrus the Shield-Bearer (level 3, -2/30 HPs)
             Began as a Formicid Fighter on Feb 11, 2022.
             Was a Believer of Uskayaw.
             Slain by an ogre (16 damage)
             ... on level 4 of the Dungeon.
             The game lasted 00:04:18 (2408 turns).

cyrus the Shield-Bearer (Formicid Fighter)          Turns: 2408, Time: 00:04:19

Health: -2/30      AC:  8    Str: 20    XL:     3   Next: 80%
Magic:  3/3        EV:  9    Int:  7    God:    Uskayaw [**....]
Gold:   16         SH:  4    Dex: 10    Spells: 2/2 levels left

rFire   . . .      SeeInvis +   a - +0 war axe
rCold   + . .      Faith    .   c - +0 buckler
rNeg    . . .      Spirit   .   b - +0 scale mail
rPois   .          Reflect  .   (helmet unavailable)
rElec   .          Harm     .   (no cloak)
rCorr   .          Rampage  .   (no gloves)
Will    .....                   m - +0 pair of boots
Stlth   ..........              (no amulet)
HPRegen 0.10/turn               (no ring)
MPRegen 0.08/turn               (no ring)

@: mighty
A: permanent stasis, dig shafts and tunnels, antennae 3, four strong arms, cold
resistance 1, dopey 1
a: Dig, Shaft Self, Renounce Religion, Stomp, Line Pass


You were on level 4 of the Dungeon.
You worshipped Uskayaw.
Uskayaw was noncommittal.
You visited 1 branch of the dungeon, and saw 4 of its levels.

You collected 96 gold pieces.
You spent 80 gold pieces at shops.

Inventory:

Hand Weapons
 a - a +0 war axe (weapon)
Armour
 b - a +0 scale mail (worn)
 c - a +0 buckler (worn)
 m - a +0 pair of boots (worn)
Wands
 p - a wand of paralysis (6)
Scrolls
 e - a scroll of vulnerability {unknown}
 h - 2 scrolls of identify {unknown}
 j - 2 scrolls of teleportation {unknown}
 k - 3 scrolls of enchant weapon {unknown}
 l - a scroll of magic mapping {unknown}
 n - a scroll of amnesia {unknown}
 o - a scroll of enchant armour {unknown}
Potions
 f - a potion of lignification {unknown}
 g - a potion of haste {unknown}
 i - a potion of magic {unknown}
 q - a potion of curing {unknown}


   Skills:
 + Level 3.6 Fighting
 + Level 2.5 Axes
 + Level 3.7 Armour
 + Level 0.3 Dodging
 + Level 4.1 Shields


You had 2 spell levels left.
You didn't know any spells.
Your spell library contained the following spells:

 Spells                   Type           Power      Damage    Failure   Level
 Stone Arrow              Conj/Erth      0%         3d7       99%         3
 Animate Armour           Summ/Erth      0%         N/A       100%        4
 Lehudib's Crystal Spear  Conj/Erth      0%         10d2      100%        8


Dungeon Overview and Level Annotations

Branches:
Dungeon (4/15)
 Temple: D:4-7

Altars:
Uskayaw

Shops:
D:3 !


Innate Abilities, Weirdness & Mutations

You cannot be hasted, slowed, berserked, paralysed or teleported.
You can dig through walls and to a lower floor.
You have a pair of large antennae on your head. (SInv)
Your four strong arms can wield two-handed weapons with a shield.
Your flesh is cold resistant. (rC+)
You are dopey. (Int -2)


Message History

The jackal barely misses you.
You barely miss the jackal. You hit the jackal but do no damage.
The jackal closely misses you.
The jackal bites you but does no damage. x3
You slash the jackal!
You kill the jackal!
You closely miss the jackal. The jackal barely misses you.
The jackal bites you but does no damage.
You closely miss the jackal.
The jackal is moderately wounded.
You block the jackal's attack.
The jackal bites you but does no damage.
You slash the jackal!
You kill the jackal!
Uskayaw will force your foes to helplessly watch your dance.
HP restored.
q - a purple potion
Found 23 stones.
You see here 23 stones.
Found 23 sling bullets.
You see here 23 sling bullets.
You sense a monster nearby.
You open the door.
Found 5 boomerangs.
An ogre comes into view. It is wielding a +0 giant club.
The ogre shouts!
There is an open door here.
An ogre is nearby!
You feel very mighty all of a sudden. The ogre hits you with a +0 giant club!
Ouch! That really hurt!
You slice the ogre!!
The ogre is severely wounded.
The ogre closely misses you.
You can now pass through a line of other dancers.
You hit the ogre.
The ogre is almost dead.
The ogre hits you with a +0 giant club!
Ouch! That really hurt!
You die...

######### .# ........#
.# ........#####.#
........#.....#
....(...'.....#
.......@#.....##########
.......O#...............
........#............)..
........###..>..........
........# #.............
........# #.............
........# #.............
######### #.............
#.............


You could see an ogre.

Vanquished Creatures
  2 dart slugs
  6 bats
  An endoplasm (D:1)
  A giant cockroach (D:2)
  6 goblins
  5 hobgoblins
  4 jackals (D:4)
  A kobold (D:2)
  A quokka (D:1)
  2 ball pythons (D:1)
  A frilled lizard (D:3)
  3 rats (D:1)
33 creatures vanquished.

Notes
Turn   | Place    | Note
-------+----------+-------------------------------------------
     0 | D:1      | cyrus the Formicid Fighter began the quest for the Orb.
     0 | D:1      | Reached XP level 1. HP: 18/18 MP: 1/1
    32 | D:1      | Reached XP level 2. HP: 18/24 MP: 2/2
   220 | D:1      | Reached skill level 4 in Shields
   544 | D:1      | Reached XP level 3. HP: 29/29 MP: 3/3
   695 | D:1      | Found a faded altar of an unknown god.
   704 | D:1      | Prayed at the altar of an unknown god.
   704 | D:1      | Became a worshipper of Uskayaw the Reveller
   704 | D:1      | Reached * piety under Uskayaw
  2056 | D:3      | Found Rieman's Distillery.
  2066 | D:3      | Bought a potion of mutation for 80 gold pieces
  2066 | D:3      | Gained mutation: You are dopey. (Int -2) [potion of
                  | mutation]
  2066 | D:3      | Gained mutation: Your flesh is cold resistant. (rC+)
                  | [potion of mutation]
  2260 | D:4      | Reached ** piety under Uskayaw
  2268 | D:4      | Reached *** piety under Uskayaw
  2403 | D:4      | Noticed an ogre
  2408 | D:4      | Slain by an ogre

Illustrated notes

Levels and vault maps discovered:
D:1:      erik_arrival_triangle_small, layout_basic,
          dilly_ecumenical_altar_fadedgnrine, kennysheep_crisscross
D:2:      layout_basic
D:3:      kb_forest_paths, layout_loops_ring,
          gammafunk_temple_overflow_elements, portal_sewer_entry_f,
          serial_shops, nicolae_shop_advertising_works
          [nicolae_subvault_shop_adworks]
D:4:      layout_basic, nicolae_inconvenience_store,
          minmay_misc_feat_more_columns

Skill      XL: |  1  2 |
---------------+-------+-----
Shields        | 4 |  4.1
Fighting       | |  3.6
Axes           | |  2.5
Armour         | |  3.7
Dodging        | |  0.3

Action                   || total
-------------------------++-------
Melee: War axe           ||    72
  Use: Potion            ||     2
Armor: Scale mail        ||    50
Dodge: Dodged            ||    56
Block: Buckler           ||    21

Table legend: (Time is in decaauts)
 A = Elapsed time spent in this place.
 B = Non-inter-level travel time spent in this place.
 C = Inter-level travel time spent in this place.
 D = Time resting spent in this place.
 E = Time spent auto-exploring this place.
 F = Levels seen in this place.
 G = Mean time per level.
                   A        B        C        D        E       F      G
               +--------+--------+--------+--------+--------+-----+--------+
         Total |   2436 |   2382 |     54 |      0 |   1924 |   4 |  609.0 |
       Dungeon |   2436 |   2382 |     54 |      0 |   1924 |   4 |  609.0 |
               +--------+--------+--------+--------+--------+-----+--------+

Top non-repeatable levels by time:
     D:2: 1233 daAuts
     D:1: 827 daAuts
     D:3: 221 daAuts
     D:4: 155 daAuts
